 Dungeon Crawl Stone Soup version 0.30.0-10-gfe55d96785 (webtiles) character file.

Game seed: 13154354938334037279

3 Jase the Trooper (level 1, 19/19 HPs)
             Began as a Hill Orc Fighter on May 14, 2023.
             Was an Initiate of Ashenzari.
             Quit the game on level 1 of the Dungeon.
             The game lasted 00:00:57 (209 turns).

Jase the Trooper (Hill Orc Fighter)                  Turns: 209, Time: 00:00:58

Health: 19/19      AC:  6    Str: 18    XL:     1   Next: 50%
Magic:  1/1        EV:  9    Int:  8    God:    Ashenzari [......]
Gold:   0          SH:  4    Dex: 10    Spells: 0/0 levels left

rFire   . . .        a - +0 war axe
rCold   . . .        c - +0 buckler
rNeg    . . .        b - +0 scale mail
rPois   .            (no helmet)
rElec   .            (no cloak)
rCorr   .            (no gloves)
SInv    .            (no boots)
Will    .....        (no amulet) Stlth
                     (no ring)
HPRegen 0.23/turn    (no ring)
MPRegen 0.07/turn

%: no passive effects
@: no status effects
A: no striking features
a: Renounce Religion, Curse Item


You were on level 1 of the Dungeon.
You worshipped Ashenzari.
Ashenzari was noncommittal.
You visited 1 branch of the dungeon, and saw 1 of its levels.

Inventory:

Hand Weapons
 a - a +0 war axe (weapon)
Armour
 b - a +0 scale mail (worn)
 c - a +0 buckler (worn)
Scrolls
 f - a scroll of acquirement {unknown}
 g - a scroll of immolation {unknown}
Potions
 d - a potion of might
 e - a potion of ambrosia {unknown}
 h - a potion of berserk rage {unknown}


   Skills:
 - Level 3.6 Fighting
 * Level 3.1 Axes
 - Level 3.2 Armour
 - Level 3.2 Shields


You couldn't memorise any spells.
You didn't know any spells.
Your spell library was empty.

Dungeon Overview and Level Annotations

Branches:
Dungeon (1/15)

Altars:
Ashenzari


Message History

You hit the rat.
The rat is moderately wounded.
The rat twitches its whiskers.
The rat bites you but does no damage.
You hit the rat but do no damage.
The rat is moderately wounded.
The rat bites you. The rat bites you but does no damage.
You closely miss the rat.
The rat is moderately wounded.
The rat twitches its whiskers.
The rat bites you but does no damage.
You barely miss the rat.
The rat is moderately wounded.
The rat barely misses you.
You hit the rat but do no damage. The rat closely misses you.
The rat barely misses you.
You hit the rat.
The rat is moderately wounded.
You block the rat's attack.
You barely miss the rat.
The rat is moderately wounded.
The rat barely misses you.
You slash the rat!
You kill the rat!
No target in view!
No target in view!
g - a scroll labelled ACKACI DANNIC You see here a rat corpse.
There is a faded altar of an unknown god here.
This altar belongs to (a) Zin, (b) Cheibriados or (c) Ashenzari, but you can't tell which.
Press the corresponding letter to learn more about a god, or press enter to convert or escape to cancel.
Ashenzari accepts your prayer! Ashenzari welcomes you!
Ashenzari warns you of distant threats and treasures.
Ashenzari reveals the structure of the dungeon to you.
Ashenzari shows you where magical portals lie.
Ashenzari invites you to partake of a vision and a curse of beguiling and fortitude.
Unknown command.
Your library has no spells.
Your library has no spells.
h - a grey potion
Okay, then.
Are you sure you want to abandon this character and quit the game? (Confirm with "yes".)

##### #.@.#
#..##
###########
##..####
..........#
#......#
###########
#......# #
#......# #
#......# #
#####
#......# #
#...#
#......#


There were no monsters in sight!

Vanquished Creatures
  An endoplasm (D:1)
  A kobold (D:1)
  A rat (D:1)
3 creatures vanquished.

Notes
Turn   | Place    | Note
-------+----------+-------------------------------------------
     0 | D:1      | Jase the Hill Orc Fighter began the quest for the Orb.
     0 | D:1      | Reached XP level 1. HP: 19/19 MP: 1/1
    90 | D:1      | Found a faded altar of an unknown god.
   120 | D:1      | Prayed at the altar of an unknown god.
   120 | D:1      | Became a worshipper of Ashenzari the Shackled
   209 | D:1      | Quit the game

Illustrated notes

Levels and vault maps discovered:
D:1:      dpeg_arrival_round_a, layout_basic,
          hellmonk_ecumenical_altar_crossroads, st_stairs_11,
          kennysheep_small_spiral, hex_medium, minmay_misc_feat_alley,
          chequers_serial_rivers_large_b, minmay_surrounded

Skill      XL: |  1 |
---------------+----+-----
Axes           | 3 |  3.1
Fighting       | |  3.6
Armour         | |  3.2
Shields        | |  3.2

Action                     || total
---------------------------++-------
  Melee: War axe           ||    14
 Armour: Scale mail        ||     4
  Dodge: Dodged            ||     7
  Block: Buckler           ||     1
